 Dungeon Crawl Stone Soup version 0.31-a0-1616-gbeaec30b81 (webtiles) character file.

Game seed: 13741300424320193989

76881 jasper the Brawler (level 15, -44/144 HPs)
             Began as a Naga Fighter on Jan 10, 2024.
             Was the Champion of Okawaru.
             Killed from afar by a frost giant (50 damage)
             ... with a bolt of cold
             ... on level 11 of the Dungeon on Jan 11, 2024.
             The game lasted 00:33:17 (17797 turns).

jasper the Brawler (Naga Fighter)                  Turns: 17797, Time: 00:33:18

Health: -44/144    AC: 29    Str: 27    XL:     15   Next: 21%
Magic:  15/17      EV:  8    Int:  5    God:    Okawaru [******]
Gold:   551        SH: 20    Dex: 12    Spells: 14/14 levels left

rFire   . .          .
                       - Unarmed
rCold   . . .        v - +2 tower shield {AC+3}
rNeg    + . .        B - +0 robe "Nufaqu Foph" {rN+ Str+2 Int-3 Slay+6}
rPois   +            L - +2 helmet
rElec   +            F - +0 cloak
rCorr   .            s - +2 pair of gloves {Stlth+}
SInv    +            G - +6 lightning scales {swift, rElec}
Will    +....        V - amulet of regeneration
Stlth   ++++         l - +4 ring of slaying
HPRegen 1.24/turn    K - +4 ring of slaying
MPRegen 0.15/turn

%: no passive effects
@: heroic, slow
A: AC +5, large, see invisible, deformed body, poison resistance, slowness 2,
spit poison 1, naga tail 2
a: Spit Poison, Renounce Religion, Heroism, Finesse, Duel


You were on level 11 of the Dungeon.
You worshipped Okawaru.
Okawaru was exalted by your worship.
You visited 3 branches of the dungeon, and saw 17 of its levels.
You also visited: Gauntlet.

You collected 1155 gold pieces.
You spent 604 gold pieces at shops.

Inventory:

Hand Weapons
 h - a +4 hand cannon of draining
Missiles
 e - 6 boomerangs
 g - 9 curare-tipped darts
 M - 7 javelins
Armour
 s - a +2 pair of gloves of stealth (worn)
 v - a +2 tower shield of protection (worn)
 B - the +0 robe "Nufaqu Foph" (worn) {rN+ Str+2 Int-3 Slay+6}
   (You found it on level 5 of the Dungeon)

   Str+2:     It affects your strength (+2).
   Int-3:     It affects your intelligence (-3).
   Slay+6:    It affects your accuracy & damage with ranged weapons and melee
   (+6).
   rN+:       It protects you from negative energy.
 F - a +0 cloak (worn)
 G - the +6 lightning scales (worn) {swift, rElec}
   (You acquired it on level 7 of the Dungeon)

   Swift:     It allows the wearer to cover ground more swiftly.
   rElec:     It insulates you from electricity.
 L - a +2 helmet (worn)
 U - the +1 barding of Surprise {Rampage rF+ Int-2}
   (Okawaru gifted it to you on level 11 of the Dungeon)

   Int-2:     It affects your intelligence (-2).
   rF+:       It protects you from fire.
   Rampage:   It bestows one free step when moving towards enemies.
 Y - a +2 hat of willpower
Jewellery
 b - a ring of resist corrosion
 l - a +4 ring of slaying (left hand)
 E - an amulet of reflection
 I - a ring of ice
 K - a +4 ring of slaying (right hand)
 T - the amulet "Niruil" {Acrobat rN+}
   (You took it off a death knight on level 11 of the Dungeon)

   [amulet of the acrobat]

   Acrobat:   It increases your evasion while moving and waiting.
   rN+:       It protects you from negative energy.
 V - an amulet of regeneration (around neck)
 Z - a ring of wizardry
Talismans
 y - a serpent talisman
 O - a storm talisman
 X - a maw talisman
Wands
 z - a wand of roots (10)
 C - a wand of polymorph (8)
 D - a wand of flame (9)
 N - a wand of mindburst (7)
 S - a wand of paralysis (24)
 W - a wand of quicksilver (3)
Scrolls
 c - 3 scrolls of fog
 f - 2 scrolls of vulnerability
 i - 2 scrolls of teleportation
 k - 5 scrolls of enchant armour
 w - a scroll of poison
 J - a scroll of identify
 P - a scroll of immolation
Potions
 a - a potion of berserk rage
 d - 2 potions of lignification
 j - 4 potions of brilliance
 m - 3 potions of attraction
 n - 5 potions of mutation
 o - 3 potions of might
 p - 2 potions of magic
 q - 2 potions of invisibility
 r - 2 potions of enlightenment
 t - 2 potions of ambrosia
 u - 2 potions of cancellation {unknown}
 A - 4 potions of heal wounds {unknown}
 H - 8 potions of curing
 Q - a potion of resistance {unknown}
 R - a potion of degeneration {unknown}
Miscellaneous
 x - a phantom mirror


   Skills:
 - Level 12.0(17.0) Fighting
 - Level 4.0(9.0) Ranged Weapons
 - Level 2.4(7.4) Armour
 - Level 10.6(15.6) Shields
 - Level 16.0(21.0) Unarmed Combat
 - Level 3.0 Invocations
 + Level 12.4 Shapeshifting


You had 14 spell levels left.
You didn't know any spells.
Your spell library contained the following spells:

 Spells                   Type           Power      Damage    Failure   Level
 Apportation              Tloc           0%         N/A       75%         1
 Foxfire                  Conj/Fire      0%         2x1d4     75%         1
 Kiss of Death            Conj/Necr      0%         2d5       75%         1
 Magic Dart               Conj           0%         1d3       75%         1
 Necrotise                Necr           0%         1d4       75%         1
 Shock                    Conj/Air       0%         1d3       75%         1
 Sting                    Conj/Alch      0%         1d3       75%         1
 Blink                    Tloc           0%         N/A       86%         2
 Ensorcelled Hibernation  Hex/Ice        0%         N/A       86%         2
 Jinxbite                 Hex            0%         N/A       86%         2
 Confusing Touch          Hex            0%         N/A       98%         3
 Dazzling Flash           Conj/Hex       0%         N/A       98%         3
 Fugue of the Fallen      Necr           0%         N/A       98%         3
 Stone Arrow              Conj/Erth      0%         3d7       98%         3
 Swiftness                Air            0%         N/A       98%         3
 Airstrike                Air            0%         2d(0-16)  100%        4
 Anguish                  Hex/Necr       0%         N/A       100%        4
 Dimensional Bullseye     Hex/Tloc       0%         N/A       100%        4
 Dispel Undead            Necr           0%         3d6       100%        4
 Ignite Poison            Fire/Alch      0%         N/A       100%        4
 Iskenderun's Mystic Bla  Conj/Tloc      0%         2d3       100%        4
 Sticky Flame             Fire/Alch      0%         2d4       100%        4
 Silence                  Hex/Air        0%         N/A       100%        5
 Yara's Violent Unravell  Hex/Alch       0%         3d3       100%        5
 Eringya's Noxious Bog    Alch           0%         4d6       100%        6
 Enfeeble                 Hex            0%         N/A       100%        7
 Ignition                 Fire           0%         3d3       100%        8
 Lehudib's Crystal Spear  Conj/Erth      0%         10d2      100%        8
 Summon Small Mammal      Summ           Unusable   N/A       N/A         1
 Call Imp                 Summ           Unusable   N/A       N/A         2
 Tukima's Dance           Hex            Unusable   N/A       N/A         3
 Animate Armour           Summ/Erth      Unusable   N/A       N/A         4
 Summon Forest            Summ/Tloc      Unusable   N/A       N/A         5
 Summon Hydra             Summ           Unusable   N/A       N/A         7

Dungeon Overview and Level Annotations

Branches:
Dungeon (11/15)            Temple (1/1) D:4            Lair (5/5) D:11
 Shoals (0/4) Lair:2        Snake (0/4) Lair:3        Slime (0/5) Lair:5
    Orc (0/2) D:9         Gauntlet (visited)

Altars:
Ashenzari
Cheibriados
Dithmenos
Elyvilon
Fedhas
Gozag
Hepliaklqana
Kikubaaqudgha
Makhleb
Nemelex Xobeh
Okawaru
Qazlal
Ru
Sif Muna
Trog
Uskayaw
Vehumet
Wu Jian
Xom
Yredelemnul
Zin
The Shining One

Shops:
D:1 [   D:7 *   D:9 [(   D:10 (

Annotations:
D:8 3 runed translucent doors, Strewth's ghost, novice MiFi
D:11 2 transporters, Azoth's ghost, journeyman OpSh
Lair:2 1 runed translucent door, tmcgee265's ghost, journeyman MfMo


Innate Abilities, Weirdness & Mutations

Your serpentine skin is tough. (AC +5)
You have supernaturally acute eyesight. (SInv)
Armour fits poorly on your strangely shaped body.
Your system is resistant to poisons. (rPois)
You cover ground very slowly.
You can spit poison.
You can use your snake-like lower body to constrict enemies.


Message History

Okawaru accepts your kill. The frost giant casts a spell at you.
The bolt of cold hits you!!
You take 31 damage, and have 86/144 hp.
MASSIVE DAMAGE!!
You gain the combat prowess of a mighty hero.
You block the brown ugly thing's attack.
You regained 2 hp, and now have 88/144 hp.
You now have 15/17 mp.
You pulverise the brown ugly thing!!!
You grab the brown ugly thing.
The brown ugly thing is severely wounded.
You constrict the brown ugly thing. You pummel the brown ugly thing!!
You kill the brown ugly thing!
Okawaru accepts your kill. Okawaru grants you throwing weapons!
Something appears before you!
The frost giant points at you and mumbles some strange words.
The bolt of cold hits you!
You take 16 damage, and have 72/144 hp.
The frost giant barely misses you.
You see here an ugly thing corpse.
You regained 2 hp, and now have 74/144 hp.
You pummel the frost giant!!
The frost giant is moderately wounded.
The frost giant casts a spell at you. The bolt of cold hits you!!!
* * * LOW HITPOINT WARNING * * *
You take 40 damage, and have 34/144 hp.
MASSIVE DAMAGE!!
You pummel the frost giant like a punching bag!!!
The frost giant is severely wounded.
The frost giant hits you with a +2 battleaxe of freezing!!
* * * LOW HITPOINT WARNING * * *
The frost giant freezes you.
* * * LOW HITPOINT WARNING * * *
You take 29 damage, and have 5/144 hp.
MASSIVE DAMAGE!!
You hit the frost giant.
The frost giant is severely wounded.
The frost giant points at you and mumbles some strange words.
The bolt of cold hits you!!!
You die...

*,,,,#.## **#####c.##
**,#....u#.#*####*##********###*
*,#.#...#.##.#.#u,.#,,,,,,,,,..*
,,,#.#.#.#.#....u*.#*********#.*
**..#.#C#..#,,u..#.# ##.##
,#,..#.#...#,*,#...# #####...#
,*H.#.#.#..######..# #.....#..
,#.#.#.#.#.....C@#### #.#.#...#
,##.#...#.#.#####(.######.#.##.##
**.#.....#.#.....###........).[#
**..######.#.###..######.#.####
*#,#....##.#...#### #.#.#
*,##..##(#.#.#..######.#)#####
*,#....#..#.#.###.............
*,##..##.#.#.#..#.............
**,#....#.#..#.#.##.#.....#####


You could see a frost giant.

Vanquished Creatures
  Rupert (Lair:5)
  2 tengu reavers
  2 stone giants (D:11)
  A minotaur (Gauntlet)
  A yaktaur captain (D:11)
  2 hydras
  An ogre mage (D:11)
  Erolcha (D:11)
  2 centaur warriors (D:11)
  A catoblepas (Lair:5)
  A death knight (D:11)
  3 boulder beetles
  A death scarab (Gauntlet)
  A tengu warrior (D:11)
  Urug (Lair:1)
  Sonja (Lair:3)
  3 skeletal warriors (D:11)
  A goliath frog (Lair:5)
  A necromancer (Lair:2)
  3 lindwurms
  A deep elf pyromancer (D:11)
  A large abomination (Gauntlet)
  2 wolf spiders
  3 ugly things (D:11)
  3 cyclopes (D:11)
  Maurice (D:7)
  2 black mambas
  A merfolk siren (Lair:2)
  15 elephants
  5 torpor snails
  26 cane toads
  Maggie (D:7)
  3 rime drakes
  Jeremiah (D:6)
  An unseen horror (D:11)
  5 unseen horror zombies (D:9)
  A kobold demonologist (D:10)
  9 komodo dragons
  A yaktaur (D:11)
  2 hornets
  2 tyrant leeches (Lair:5)
  Grinder (D:3)
  13 blink frogs
  A slime creature (Lair:5)
  4 shadows (Gauntlet)
  48 yaks
  A wraith (D:11)
  A wyvern (Lair:3)
  2 jumping spiders (Lair:1)
  3 basilisks
  7 vampire mosquitoes
  A redback (Lair:1)
  A steam dragon (D:10)
  4 nagas (Lair:3)
  6 small abominations (Gauntlet)
  An acid dragon (D:10)
  13 water moccasins
  A spectral torpor snail (Gauntlet)
  The ghost of zenocrate the Sneak, an amateur VSEn (D:3)
  2 orc warriors
  3 ice beasts
  5 black bears
  6 wolves
  9 centaurs
  2 ogres
  5 phantoms
  2 kobold brigands
  2 wyvern zombies (D:9)
  16 bullfrogs
  A scorpion (D:7)
  21 wights
  9 killer bees
  4 electric eels
  2 howler monkeys
  3 lava snakes (Lair:1)
  2 bombardier beetles
  3 centaur zombies (D:9)
  3 jellies
  4 orc priests
  2 sleepcaps
  Jessica (D:3)
  7 iguanas
  15 orc wizards
  3 yak simulacra (Lair:2)
  Terence (D:2)
  3 polar bear simulacra (Lair:2)
  A wolf simulacrum (Lair:2)
  A killer bee zombie (D:9)
  5 howler monkey zombies (D:9)
  9 adders
  12 gnolls
  3 river rats
  2 ufetubi (D:6)
  6 dart slugs
  A ribbon worm (D:3)
  31 orcs
  5 bats
  9 endoplasms
  5 giant cockroaches
  10 goblins
  4 hobgoblins
  4 jackals (D:1)
  4 quokkas
  4 ball pythons
  2 frilled lizards
  21 kobolds
  6 rats
  4 river rat simulacra (Lair:2)
510 creatures vanquished.

Notes
Turn   | Place    | Note
-------+----------+-------------------------------------------
     0 | D:1      | jasper the Naga Fighter began the quest for the Orb.
     0 | D:1      | Reached XP level 1. HP: 21/21 MP: 1/1
    55 | D:1      | Reached XP level 2. HP: 20/28 MP: 2/2
   105 | D:1      | Found Woqoz's Antique Armour Emporium.
   579 | D:1      | Reached XP level 3. HP: 34/34 MP: 3/3
   837 | D:2      | Reached skill level 3 in Unarmed Combat
   911 | D:2      | Reached XP level 4. HP: 42/42 MP: 4/4
   966 | D:2      | Noticed Terence
   978 | D:2      | Killed Terence
  1157 | D:2      | Reached XP level 5. HP: 26/50 MP: 5/5
  1715 | D:3      | Noticed an ogre
  1725 | D:3      | Killed an ogre
  1726 | D:3      | Reached skill level 4 in Unarmed Combat
  1728 | D:3      | Reached XP level 6. HP: 57/57 MP: 6/6
  1757 | D:3      | Noticed Jessica
  1762 | D:3      | Killed Jessica
  1864 | D:3      | Noticed zenocrate's ghost (amateur VSEn)
  1991 | D:3      | Found a runed translucent door.
  2170 | D:3      | Noticed Grinder
  2193 | D:3      | Killed Grinder
  2194 | D:3      | Reached skill level 5 in Unarmed Combat
  2194 | D:3      | Reached XP level 7. HP: 37/66 MP: 7/7
  2524 | D:3      | Killed zenocrate's ghost
  2878 | D:4      | Found a staircase to the Ecumenical Temple.
  3029 | Temple   | Entered the Ecumenical Temple
  3033 | Temple   | Became a worshipper of Warmaster Okawaru
  3198 | D:4      | Found a sparkling altar of Nemelex Xobeh.
  3302 | D:4      | Found a shimmering blue altar of Sif Muna.
  3325 | D:4      | Reached skill level 5 in Fighting
  3358 | D:4      | Reached skill level 6 in Unarmed Combat
  3578 | D:5      | Entered Level 5 of the Dungeon
  3678 | D:5      | Reached skill level 1 in Ranged Weapons
  3845 | D:5      | Reached * piety under Okawaru
  3846 | D:5      | Reached XP level 8. HP: 71/74 MP: 8/8
  4088 | D:5      | Identified the +0 robe "Nufaqu Foph" {rN+ Str+2 Int-3
                  | Slay+6}
  4134 | D:5      | Found a white marble altar of Elyvilon.
  4555 | D:5      | Reached skill level 1 in Invocations
  4796 | D:6      | Identified the amulet "Hadatiul" {Faith Int+2}
  4827 | D:6      | Noticed Jeremiah
  4845 | D:6      | HP: 2/63 [Jeremiah/+3 trident of draining (2)]
  5093 | D:6      | Reached skill level 5 in Shields
  5273 | D:6      | You fall into a shaft and drop 2 floors!
  5352 | D:8      | Reached skill level 7 in Unarmed Combat
  5554 | D:7      | Reached ** piety under Okawaru
  5555 | D:7      | Reached XP level 9. HP: 63/77 MP: 10/10
  5901 | D:7      | Noticed Maurice
  5918 | D:7      | Killed Maurice
  5918 | D:7      | Reached *** piety under Okawaru
  5919 | D:7      | Reached skill level 8 in Unarmed Combat
  5922 | D:7      | Noticed Maggie
  5932 | D:7      | Killed Maggie
  6192 | D:7      | Reached skill level 9 in Unarmed Combat
  6405 | D:7      | Reached XP level 10. HP: 92/94 MP: 12/12
  6525 | D:7      | Found Wimaxzit's Neck Hole.
  6905 | D:7      | Identified a scroll of acquirement
  6905 | D:7      | Acquired the +6 lightning scales {swift, rElec}
  6905 | D:7      | Found the +6 lightning scales {swift, rElec}
  7186 | D:8      | Reached **** piety under Okawaru
  7558 | D:8      | Found a runed translucent gate.
  7558 | D:8      | Found a runed translucent gate.
  7558 | D:8      | Found a runed translucent gate.
  7578 | D:8      | Noticed Strewth's ghost (novice MiFi)
  7678 | D:8      | Reached skill level 10 in Unarmed Combat
  7925 | D:9      | Found a snail-covered altar of Cheibriados.
  8118 | D:9      | Reached ***** piety under Okawaru
  8155 | D:9      | Found Zyuqeid's Armour Emporium.
  8261 | D:9      | Found a staircase to the Orcish Mines.
  8263 | D:9      | Found Uconiutz's Weapon Emporium.
  8274 | D:9      | Bought a +2 helmet for 214 gold pieces
  8336 | D:9      | Received a gift from Okawaru
  8337 | D:9      | Reached skill level 11 in Unarmed Combat
  8348 | D:9      | Found a glowing silver altar of Zin.
  8432 | D:9      | Reached XP level 11. HP: 81/104 MP: 13/13
  9041 | D:10     | Entered Level 10 of the Dungeon
  9293 | D:10     | Reached skill level 12 in Unarmed Combat
  9495 | D:10     | Found Tamasir's Antique Weapon Emporium.
  9806 | D:11     | Found a blossoming altar of Fedhas.
  9982 | D:11     | Found a staircase to the Lair.
 10018 | D:11     | Noticed a cyclops
 10027 | D:11     | Killed a cyclops
 10062 | D:11     | Noticed a cyclops
 10067 | D:11     | Killed a cyclops
 10067 | D:11     | Reached ****** piety under Okawaru
 10068 | D:11     | Acquired the +1 barding of Surprise {Rampage rF+ Int-2}
 10068 | D:11     | Received a gift from Okawaru
 10071 | D:11     | Noticed a deep elf pyromancer
 10074 | D:11     | Noticed a tengu warrior
 10080 | D:11     | Killed a deep elf pyromancer
 10082 | D:11     | Noticed a boulder beetle
 10087 | D:11     | Noticed a skeletal warrior
 10090 | D:11     | Killed a tengu warrior
 10091 | D:11     | Reached XP level 12. HP: 102/116 MP: 12/14
 10102 | D:11     | Reached skill level 13 in Unarmed Combat
 10109 | D:11     | Received a gift from Okawaru
 10119 | D:11     | Noticed a centaur warrior
 10126 | D:11     | Noticed an ogre mage
 10130 | D:11     | Killed an ogre mage
 10131 | D:11     | Reached skill level 10 in Fighting
 10136 | D:11     | Noticed a centaur warrior
 10188 | D:11     | Noticed Erolcha
 10194 | D:11     | Killed Erolcha
 10206 | D:11     | Noticed a yaktaur captain
 10220 | D:11     | Killed a yaktaur captain
 10598 | D:11     | Noticed Azoth's ghost (journeyman OpSh)
 10599 | D:11     | Found a transporter.
 10600 | D:11     | Found a transporter.
 10600 | D:11     | Identified the +9 great mace "Githigg" {flame, rN+ Str+4}
 10600 | D:11     | Noticed a two-headed ogre
 10603 | D:11     | Noticed a two-headed ogre
 10605 | D:11     | Noticed a two-headed ogre
 10705 | D:11     | Noticed a stone giant
 10713 | D:11     | Noticed a tengu reaver
 10714 | D:11     | Killed a stone giant
 10714 | D:11     | Received a gift from Okawaru
 11446 | D:6      | Killed Jeremiah
 11490 | D:6      | Found a stormy altar of Qazlal.
 11518 | D:6      | Found a broken altar of Ashenzari.
 11524 | D:6      | Reached skill level 14 in Unarmed Combat
 11733 | D:6      | Found an ancient bone altar of Kikubaaqudgha.
 11813 | D:7      | Bought an amulet of regeneration for 390 gold pieces
 11913 | D:10     | Killed a tengu reaver
 12024 | D:11     | Killed a centaur warrior
 12045 | Lair:1   | Entered Level 1 of the Lair of Beasts
 12075 | Lair:1   | Noticed Urug
 12084 | Lair:1   | Killed Urug
 12385 | Lair:1   | Found a shimmering altar of Xom.
 12424 | Lair:1   | Reached skill level 10 in Shields
 12434 | Lair:1   | Gained mutation: You can use your snake-like lower body to
                  | constrict enemies. [Naga growth]
 12434 | Lair:1   | Reached XP level 13. HP: 112/127 MP: 15/15
 12534 | Lair:1   | Found a snail-covered altar of Cheibriados.
 12640 | Lair:1   | Reached skill level 15 in Unarmed Combat
 12835 | Lair:1   | Found a runed translucent door.
 12896 | Lair:1   | Found a runed translucent gate.
 12896 | Lair:1   | Found a runed translucent gate.
 12896 | Lair:1   | Found a runed translucent gate.
 12896 | Lair:1   | Found a runed translucent gate.
 12896 | Lair:1   | Found a runed translucent gate.
 12896 | Lair:1   | Found a runed translucent gate.
 13240 | Lair:2   | Received a gift from Okawaru
 13412 | Lair:2   | Found a staircase to the Shoals.
 13554 | Lair:2   | Found a runed translucent door.
 13560 | Lair:2   | Noticed tmcgee265's ghost (journeyman MfMo)
 14266 | Lair:3   | Reached skill level 16 in Unarmed Combat
 14276 | Lair:3   | Reached skill level 1 in Shapeshifting
 14333 | Lair:3   | You fall into a shaft and drop 2 floors!
 14333 | Lair:5   | Entered Level 5 of the Lair of Beasts
 14361 | Lair:5   | Noticed Rupert
 14375 | Lair:5   | Killed Rupert
 14375 | Lair:5   | Received a gift from Okawaru
 14388 | Lair:5   | Reached XP level 14. HP: 122/138 MP: 14/16
 14389 | Lair:5   | Reached skill level 5 in Shapeshifting
 14531 | Lair:5   | Received a gift from Okawaru
 14678 | Lair:5   | Found a runed translucent door.
 14679 | Lair:5   | Identified the +0 scale mail of Peek-a-Boo {Regen+}
 14685 | Lair:5   | Found a staircase to the Slime Pits.
 14707 | Lair:5   | Acquired a +4 heavy hand cannon
 14707 | Lair:5   | Received a gift from Okawaru
 15059 | Lair:5   | Got an earthy gem with 379 turns to spare
 15368 | Lair:4   | Lost the earthy gem through the power of Zot.
 15646 | Lair:4   | Found a gate leading to a gauntlet.
 15657 | Gauntlet | Entered a Gauntlet
 15657 | Gauntlet | Found a transporter.
 15675 | Gauntlet | Found a transporter.
 15688 | Gauntlet | Received a gift from Okawaru
 15712 | Gauntlet | Found a transporter.
 15726 | Gauntlet | Found a transporter.
 15742 | Gauntlet | Found a transporter.
 15742 | Gauntlet | Found a transporter.
 15743 | Gauntlet | Found a transporter.
 15743 | Gauntlet | Found a runed translucent door.
 15746 | Gauntlet | Found a runed translucent door.
 15765 | Gauntlet | Found a transporter.
 15773 | Gauntlet | Found a transporter.
 15855 | Gauntlet | Reached skill level 10 in Shapeshifting
 15865 | Gauntlet | Identified the ring "Senyjoagg" {rPois SInv}
 15871 | Gauntlet | Identified the +3 ring mail "Neogrethu" {*Corrode rN+ Str+3
                  | Int+4}
 15875 | Gauntlet | Got Ipoh's Spellbook of Glamour and Battle Magic
 16757 | Lair:3   | Found a staircase to the Snake Pit.
 16863 | Lair:3   | Noticed Sonja
 16874 | Lair:3   | Killed Sonja
 16874 | Lair:3   | Received a gift from Okawaru
 17281 | Lair:3   | Reached XP level 15. HP: 144/144 MP: 17/17
 17492 | D:11     | Identified the +7 lajatang "Pahu" {heavy, Str+3 Int+2}
 17492 | D:11     | Identified the amulet "Niruil" {Acrobat rN+}
 17584 | D:11     | Noticed a tengu reaver
 17591 | D:11     | Killed a tengu reaver
 17631 | D:11     | Identified the +8 plate armour of Context {-Cast Rampage
                  | rC++ Will+}
 17772 | D:11     | Noticed a frost giant
 17793 | D:11     | Received a gift from Okawaru
 17796 | D:11     | HP: 7/144 [frost giant/+2 battleaxe of freezing (28)]
 17797 | D:11     | Killed from afar by a frost giant

Illustrated notes

Levels and vault maps discovered:
D:1:      elethiomel_arrival_quiet, layout_basic, serial_shops, shop
D:2:      layout_loops_ring, uniq_terence
D:3:      layout_loops_ring, hellmonk_ghost_happy_afterlife, corexii_shack,
          uniq_grinder, uniq_jessica
D:4:      layout_basic, mainiacjoe_overflow_six_doors_small,
          lemuel_doored_altar, minmay_temple_entry_poolview
D:5:      layout_basic, lemuel_tele_altar, serial_co_window_serial,
          co_window_of_opportunity_a, co_window_paths_a, co_window_corner_a,
          co_window_corner_a, co_window_corner_a, co_window_paths_a,
          co_window_paths_a, co_window_paths_b, co_window_paths_a,
          co_window_of_opportunity_b, co_window_corner_ca,
          co_window_unsneaky_path_d, co_window_corner_ca, co_window_2corner,
          co_window_corner_ca, co_window_of_opportunity_c, glass_columns_a,
          glass_columns_a, glass_columns_c, glass_columns_a, glass_columns_a,
          minmay_a_box_with_orc_wizards_in_it
D:6:      layout_gridville, mainiacjoe_overflow_two_lobes,
          lemuel_coloured_pillars_altar, portal_sewer_entry_b, uniq_jeremiah
D:7:      layout_basic, nicolae_shop_sticking_my_neck_out, uniq_maggie,
          uniq_maurice
D:8:      layout_basic, ebering_ghost_rock_garden
D:9:      layout_gridville, grunt_temple_overflow_open, orc_david_3,
          serial_undead, serial_undead_b, serial_undead_d, serial_undead_a,
          serial_undead_d, serial_undead_b, serial_undead_f, serial_undead_f,
          serial_undead_f, serial_undead_a, serial_undead_b
D:10:     layout_cave_pools, serial_shops, shop
D:11:     minmay_tearing_corner, layout_loops_ring, lair_entry_dummy,
          gammafunk_ghost_smash, fedhas_altar_2, uniq_erolcha
Temple:   zaba_magenta_temple
Lair:1:   gammafunk_indiana_jones, layout_concentric_octagons, basic_altar,
          kennysheep_snail_temple, uniq_urug
Lair:2:   layout_regular_city, minmay_shoals_entry_lonely_mermaid,
          ebering_ghost_reflecting_pool, eino_house_with_fridge
Lair:3:   layout_hall_layers, minmay_snake_entry_guardpost_large,
          small_statue_intersection, nicolae_quartered_pool_medium,
          infiniplex_staircase_pool, uniq_sonja
Lair:4:   layout_small_grid, gauntlet_entry_generic
Lair:5:   minmay_lair_end_frog_pond, layout_gridlike, slime_entry_2, uniq_rupert

Skill      XL: |  1  2  3  4  5  6  7  8  9 10 11 12 13 14 15 |
---------------+----------------------------------------------+-----
Shields        | 3 4 5 6 7 8 10 | 10.6
Unarmed Combat | 3 4 5 6 7 9 11 12 14 16 | 16.0
Fighting       | 4 5 7 8 9 11 12 | 12.0
Ranged Weapons | 3 4 |  4.0
Invocations    | 2 3 |  3.0
Shapeshifting  | 4 11 12 | 12.4
Armour         | |  2.4

Action                     |  1- 3 |  4- 6 |  7- 9 | 10-12 | 13-15 || total
---------------------------+-------+-------+-------+-------+-------++-------
  Melee: Unarmed           |    71 |    82 |   159 |   470 |   455 ||  1237
         Constrict         |       |       |       |       |   111 ||   111
   Fire: Sling             |       |       |    72 |   158 |    65 ||   295
         Hand cannon       |       |       |       |       |    44 ||    44
  Throw: Boomerang         |       |    11 |       |       |       ||    11
 Invoke: Heroism           |       |       |     4 |    12 |     9 ||    25
         Receive Armour    |       |       |       |     1 |       ||     1
         Receive Weapon    |       |       |       |       |     1 ||     1
Ability: Spit Poison       |    25 |    33 |    26 |     1 |     9 ||    94
  Evoke: Wand              |       |       |       |     2 |     1 ||     3
    Use: Scroll            |     2 |     7 |     7 |     7 |    10 ||    33
         Potion            |       |     2 |     4 |     1 |       ||     7
   Stab: Petrified         |       |       |       |       |     5 ||     5
         Petrifying        |       |       |       |       |     1 ||     1
         Sleeping          |       |       |       |       |     1 ||     1
 Armour: Scale mail        |    49 |    57 |   145 |   359 |       ||   610
         Robe              |       |       |       |   111 |   362 ||   473
  Dodge: Dodged            |    31 |    11 |    48 |   124 |    78 ||   292
  Block: Buckler           |    18 |    14 |    41 |   185 |    97 ||   355
         Tower shield      |       |       |       |       |   126 ||   126

Table legend: (Time is in decaauts)
 A = Elapsed time spent in this place.
 B = Non-inter-level travel time spent in this place.
 C = Inter-level travel time spent in this place.
 D = Time resting spent in this place.
 E = Time spent auto-exploring this place.
 F = Levels seen in this place.
 G = Mean time per level.
                   A        B        C        D        E       F      G
               +--------+--------+--------+--------+--------+-----+--------+
         Total |  20707 |  19653 |   1054 |   1411 |  14480 |  18 | 1150.4 |
       Dungeon |  14481 |  13706 |    775 |   1321 |   9968 |  11 | 1316.5 |
        Temple |     11 |      7 |      4 |      0 |      0 |   1 |   11.0 |
          Lair |   5963 |   5689 |    274 |     52 |   4496 |   5 | 1192.6 |
      Gauntlet |    251 |    251 |      0 |     37 |     15 |   1 |  251.0 |
               +--------+--------+--------+--------+--------+-----+--------+

Top non-repeatable levels by time:
     D:7: 1943 daAuts
     D:5: 1665 daAuts
     D:4: 1456 daAuts
    D:11: 1428 daAuts
  Lair:1: 1321 daAuts
    D:10: 1297 daAuts
     D:8: 1277 daAuts
     D:9: 1246 daAuts
  Lair:2: 1245 daAuts
  Lair:3: 1179 daAuts
     D:3: 1164 daAuts
  Lair:5: 1141 daAuts
  Lair:4: 1075 daAuts
     D:2: 1070 daAuts
     D:6: 969 daAuts
